 Dungeon Crawl Stone Soup version 0.19.0-16-g73b5abf (webtiles) character file.

17247 rjrrt the Destroyer (level 12, -13/70 HPs)
             Began as a Deep Elf Fire Elementalist on Nov 10, 2016.
             Was an Elder of Vehumet.
             Mangled by a tengu reaver
             ... wielding a +2 great sword
              (15 damage)
             ... on level 10 of the Dungeon.
             The game lasted 00:57:40 (17718 turns).

rjrrt the Destroyer (Deep Elf Fire Elementalist)   Turns: 17718, Time: 00:57:41

Health: -13/70     AC:  9    Str:  5    XL:     12   Next: 17%
Magic:  12/30      EV: 19    Int: 24    God:    Vehumet [****..]
Gold:   382        SH:  0    Dex: 15    Spells: 6 memorised, 20 levels left

rFire  . . .     SeeInvis .     a - +1 dagger (elec)
rCold  . . .     Gourm    +     d - +0 robe
rNeg   . . .     Faith    .     (no shield)
rPois  +         Spirit   .     E - +2 helmet
rElec  +         Reflect  .     D - +1 cloak "Noengett" {rElec rPois Int-2}
rCorr  .         Harm     .     r - +0 pair of gloves
MR     +....                    J - +0 pair of boots
Stlth  ++........               y - amulet of the gourmand
                                (no ring)
                                (no ring)

@: no status effects
A: no striking features
a: Renounce Religion


You were on level 10 of the Dungeon.
You worshipped Vehumet.
Vehumet was greatly pleased with you.
You were very full.

You visited 3 branches of the dungeon, and saw 13 of its levels.

You collected 695 gold pieces.
You spent 313 gold pieces at shops.

Inventory:

Hand Weapons
 a - a +1 dagger of electrocution (weapon)
Missiles
 b - 74 stones
 e - 6 javelins (quivered)
Armour
 d - a +0 robe (worn)
 r - a +0 pair of gloves (worn)
 D - the +1 cloak "Noengett" (worn) {rElec rPois Int-2}
   (You bought it in a shop on level 6 of the Dungeon)

   It affects your intelligence (-2).
   It insulates you from electricity.
   It protects you from poison.
 E - a +2 helmet (worn)
 J - a +0 pair of boots (worn)
Jewellery
 y - an amulet of the gourmand (around neck)
Wands
 l - a wand of teleportation (4/9)
 x - a wand of digging (9/24)
 G - a wand of iceblast (12/15)
 I - a wand of heal wounds (0/9)
 K - a wand of disintegration (15/24)
Scrolls
 g - a scroll of teleportation
 i - 2 scrolls of fog
 j - 4 scrolls of enchant weapon
 k - 2 scrolls of blinking
 m - a scroll of fear
 w - 3 scrolls of remove curse
 F - a scroll of amnesia
Potions
 h - 3 potions of ambrosia
 n - 2 potions of might
 o - a potion of berserk rage
 q - 2 potions of magic
 s - a potion of agility
 t - a potion of brilliance
 v - 2 potions of cancellation
 z - 3 potions of haste
 B - 2 potions of heal wounds {unknown}
 H - a potion of curing {unknown}
 L - a potion of invisibility {unknown}
Books
 A - a book of Clouds

   Spells                             Type                      Level
   a - Mephitic Cloud                 Conjuration/Poison/Air       3
   b - Conjure Flame                  Conjuration/Fire             3
   c - Poisonous Cloud                Conjuration/Poison/Air       6
   d - Freezing Cloud                 Conjuration/Ice/Air          6
   e - Ring of Flames                 Charms/Fire                  7
Comestibles
 c - 9 bread rations
 f - 2 slices of pizza
 p - 7 beef jerkies
 u - 5 meat rations
 C - 7 fruits
 M - 7 chunks of flesh


   Skills:
 + Level 6.1 Fighting
 + Level 9.7 Dodging
 - Level 2.4 Stealth
 - Level 12.0 Spellcasting
 + Level 12.4 Conjurations
 - Level 10.0 Fire Magic


You had 20 spell levels left.
You knew the following spells:

 Your Spells              Type           Power        Failure   Level  Hunger
a - Flame Tongue          Conj/Fire      #####        1%          1    None
b - Conjure Flame         Conj/Fire      ######..     1%          3    None
c - Sticky Flame          Conj/Fire      ######..     1%          4    None
d - Fireball              Conj/Fire      ######....   1%          5    ###....
e - Sandblast             Erth           ##....       1%          1    None
f - Sting                 Conj/Pois      ####         1%          1    None


Dungeon Overview and Level Annotations

Branches:
Dungeon (11/15)            Temple (1/1) D:5             Orc (1/2) D:10
   Lair: D:8-11

Altars:
Ashenzari
Cheibriados
Dithmenos
Elyvilon
Fedhas
Gozag
Hepliaklqana
Kikubaaqudgha
Makhleb
Nemelex Xobeh
Qazlal
Ru
Sif Muna
Trog
Vehumet
Xom
Yredelemnul
Zin
The Shining One

Shops:
D:6 [*

Annotations:
D:9 taxman66's ghost, journeyman OgBe


Message History

The tengu reaver is covered in liquid flames!
The tengu reaver burns!
The tengu reaver hits you with an enchanted great sword!!
* * * LOW HITPOINT WARNING * * *
The tengu reaver pecks you.
* * * LOW HITPOINT WARNING * * *
The tengu reaver claws you.
* * * LOW HITPOINT WARNING * * *
Unknown command.
Evoke which item? (* to show all) (? for menu, Esc to quit)
Okay, then.
Unknown command.
Okay, then.
Unknown command.
As you read the scroll of fear, it crumbles to dust.
You assume a fearsome visage.
The tengu reaver easily resists.
The battlesphere is unaffected.
The tengu reaver burns!
You hear a grinding noise.
The tengu reaver hits you with an enchanted great sword!
You die...

.....##############...#.#........
....## #...>##...#..........
.##.# #....##.....#........
.##.#### #....##..##..........
.......# #....######.#........
#.###### #'#########.###'#.#..
..# #....#....#......(... #.#
#..⌠.#....#.###...... #.#
#.⌠.@#....#.# #.#<#.. #.#
#....Q$...#.###.###.. ..#
######.*..#.......... ..#
#....#.##..#.... ..#
#....#.##.####.. ..#
#....#.......... ..#
#....#.##.##.#.. ..#
####'#.......... ..#
#...)#.##.##.#..


You could see a tengu reaver (burning) and a battlesphere.

Vanquished Creatures
  A queen ant (D:9)
  The ghost of Mythica the Quickloader, a novice CeHu (D:8)
  An unseen horror (D:10)
  A hill giant (D:10)
  A cyclops (D:10)
  An ugly thing (D:11)
  An orc sorcerer (Orc:1)
  A manticore (D:9)
  A gargoyle (D:11)
  3 trolls
  4 slime creatures
  A two-headed ogre (D:8)
  3 hippogriffs
  4 yaks
  2 wyverns
  A basilisk (D:11)
  A vampire mosquito (D:9)
  2 wargs (D:10)
  15 soldier ants
  2 water moccasins
  Duvessa (D:5)
  3 ice beasts
  6 sky beasts
  3 necrophages
  9 orc warriors
  4 phantoms
  9 ogres
  3 centaurs
  2 big kobolds (D:10)
  A crocodile (D:11)
  7 bullfrogs
  A gnoll sergeant (D:10)
  A wyvern zombie (D:10)
  Dowan (D:5)
  5 killer bees (D:11)
  8 wights
  6 howler monkeys
  A bullfrog zombie (D:6)
  3 crimson imps
  3 jellies
  9 hounds
  2 quasits (D:9)
  6 orc priests
  3 centaur skeletons
  Ijyb (D:3)
  3 iguanas
  14 orc wizards
  38 worker ants
  3 hound zombies
  Robin (D:2)
  2 gnolls (D:10)
  10 adders
  2 adder zombies
  An adder skeleton (D:9)
  A worm (D:2)
  5 dart slugs
  5 leopard geckos
  46 orcs
  5 giant cockroaches
  14 goblins
  12 hobgoblins
  9 jackals
  5 quokkas
  A ball python (D:1)
  6 bats
  7 frilled lizards
  19 kobolds
  A quokka zombie (D:6)
  6 rats
361 creatures vanquished.

Vanquished Creatures (others)
  A gnoll (D:10)
  A hobgoblin (D:1)
  6 bushes (D:10)
8 creatures vanquished.

Grand Total: 369 creatures vanquished

Notes
Turn   | Place    | Note
-------+----------+-------------------------------------------
     0 | D:1      | rjrrt the Deep Elf Fire Elementalist began the quest for the Orb.
     0 | D:1      | Reached XP level 1. HP: 10/10 MP: 6/6
   118 | D:1      | Reached XP level 2. HP: 15/15 MP: 5/8
   488 | D:1      | Reached XP level 3. HP: 10/19 MP: 1/10
   497 | D:1      | Learned a level 3 spell: Conjure Flame
  1034 | D:2      | Noticed Robin
  1047 | D:2      | Killed Robin
  1120 | D:1      | Reached XP level 4. HP: 22/24 MP: 6/11
  1131 | D:1      | Learned a level 4 spell: Sticky Flame
  1825 | D:3      | Found a faded altar of an unknown god.
  2075 | D:3      | Found a burning altar of Makhleb.
  2409 | D:3      | Noticed Ijyb
  2422 | D:3      | Killed Ijyb
  2422 | D:3      | Reached XP level 5. HP: 27/28 MP: 8/13
  2560 | D:3      | Learned a level 5 spell: Fireball
  2923 | D:4      | Noticed a phantom
  2962 | D:4      | Killed a phantom
  3220 | D:4      | Found a shattered altar of Ashenzari.
  3306 | D:4      | Noticed an ogre
  3314 | D:4      | Killed an ogre
  3314 | D:4      | Reached skill level 5 in Conjurations
  3314 | D:4      | Reached skill level 5 in Fire Magic
  3314 | D:4      | Reached XP level 6. HP: 32/32 MP: 5/14
  3686 | D:5      | Entered Level 5 of the Dungeon
  4033 | D:5      | Reached XP level 7. HP: 24/36 MP: 4/16
  4157 | D:5      | Reached skill level 5 in Spellcasting
  4172 | D:5      | Noticed Dowan
  4180 | D:5      | Killed Dowan
  4432 | D:5      | Noticed Duvessa
  4616 | D:5      | Found a staircase to the Ecumenical Temple.
  4621 | Temple   | Entered the Ecumenical Temple
  4631 | Temple   | Became a worshipper of Vehumet
  4817 | D:5      | Killed Duvessa
  4868 | D:5      | Reached XP level 8. HP: 30/41 MP: 6/19
  5669 | D:6      | Found Juteack's Antique Armour Shop.
  5681 | D:6      | Found Zin's Purification Station.
  5687 | D:6      | Found a glowing silver altar of Zin.
  6028 | D:6      | Found a white marble altar of Elyvilon.
  6115 | D:6      | Found a shadowy altar of Dithmenos.
  6766 | D:7      | Learned a level 1 spell: Sting
  6810 | D:7      | Found a basalt altar of Yredelemnul.
  6924 | D:7      | Found an ancient bone altar of Kikubaaqudgha.
  7674 | D:7      | Reached XP level 9. HP: 46/46 MP: 11/22
  7866 | D:8      | Reached * piety under Vehumet
  7866 | D:8      | Offered knowledge of Shock by Vehumet.
  7950 | D:8      | Found a hazy altar of Hepliaklqana.
  7969 | D:8      | Reached skill level 1 in Fighting
  8108 | D:8      | Found a shimmering altar of Xom.
  8111 | D:8      | Found a shimmering altar of Xom.
  8116 | D:8      | Found a shimmering altar of Xom.
  8125 | D:8      | Found a shimmering altar of Xom.
  8125 | D:8      | Found a shimmering altar of Xom.
  8280 | D:8      | Noticed Mythica's ghost (novice CeHu)
  8477 | D:8      | You fall through a shaft!
  8484 | D:10     | Entered Level 10 of the Dungeon
  8583 | D:9      | Noticed taxman66's ghost (journeyman OgBe)
  8678 | D:10     | Noticed an unseen horror
  8682 | D:10     | Killed an unseen horror
  8682 | D:10     | Reached skill level 10 in Conjurations
  9028 | D:10     | Noticed a cyclops
  9241 | D:8      | Reached skill level 5 in Dodging
  9383 | D:9      | Reached XP level 10. HP: 36/54 MP: 19/24
  9588 | D:6      | Bought a warped cloak for 313 gold pieces
  9604 | D:6      | Identified the +1 cloak "Noengett" {rElec rPois Int-2} (You bought it in a shop on level 6 of the Dungeon)
  9795 | D:8      | Noticed a gargoyle
 10239 | D:8      | Killed Mythica's ghost
 10529 | D:8      | Reached ** piety under Vehumet
 10590 | D:8      | Offered knowledge of Sandblast by Vehumet.
 10621 | D:8      | Learned a level 1 spell: Sandblast
 10731 | D:9      | Found a sacrificial altar of Ru.
 10731 | D:9      | Found a faded altar of an unknown god.
 10742 | D:9      | Found a faded altar of an unknown god.
 10753 | D:9      | Found a snail-covered altar of Cheibriados.
 10755 | D:9      | Found a sparkling altar of Nemelex Xobeh.
 10790 | D:9      | Noticed a manticore
 10801 | D:9      | Killed a manticore
 12070 | D:9      | Reached skill level 10 in Spellcasting
 12126 | D:9      | Found a deep blue altar of Sif Muna.
 12621 | D:10     | Reached XP level 11. HP: 58/61 MP: 22/27
 12656 | D:10     | Offered knowledge of Static Discharge by Vehumet.
 12711 | D:10     | Noticed a queen ant
 13016 | D:9      | Killed a queen ant
 13416 | D:10     | Reached *** piety under Vehumet
 14218 | D:10     | Offered knowledge of Ignite Poison by Vehumet.
 14496 | D:10     | Found a staircase to the Orcish Mines.
 14640 | D:10     | Reached skill level 10 in Fire Magic
 14916 | Orc:1    | Entered Level 1 of the Orcish Mines
 14919 | Orc:1    | Noticed an orc sorcerer
 14921 | Orc:1    | Killed an orc sorcerer
 14921 | Orc:1    | Reached skill level 5 in Fighting
 15092 | Orc:1    | Reached **** piety under Vehumet
 15271 | D:10     | Noticed a hill giant
 15275 | D:10     | Killed a hill giant
 15330 | Orc:1    | Offered knowledge of Throw Icicle by Vehumet.
 16973 | D:11     | Reached XP level 12. HP: 63/69 MP: 23/29
 17228 | D:11     | Found a shadowy altar of Dithmenos.
 17286 | D:11     | Found a shimmering altar of Xom.
 17343 | D:11     | Found a shimmering altar of Xom.
 17667 | D:10     | Noticed a deep troll earth mage
 17667 | D:10     | Noticed a frost giant
 17667 | D:10     | Noticed a tengu reaver
 17717 | D:10     | HP: 2/70 [tengu reaver/enchanted great sword (3)]
 17718 | D:10     | Mangled by a tengu reaver

Skill      XL: |  1  2  3  4  5  6  7  8  9 10 11 12 |
---------------+-------------------------------------+-----
Conjurations   | 2 3 5 6 7 9 10 11 12 | 12.4
Fire Magic     | 4 5 6 7 8 9 10 | 10.0
Spellcasting   | 4 6 7 8 10 11 12 | 12.0
Dodging        | 5 6 9 |  9.7
Fighting       | 2 4 5 6 |  6.1
Stealth        | |  2.4

Action                   |  1- 3 |  4- 6 |  7- 9 | 10-12 || total
-------------------------+-------+-------+-------+-------++-------
Melee: Short sword       |     2 |     5 |     8 |       ||    15
       Rapier            |       |       |    35 |       ||    35
       Dagger            |       |       |       |   153 ||   153
Throw: Stone             |       |     1 |       |       ||     1
       Javelin           |       |     3 |     2 |     4 ||     9
 Cast: Flame Tongue      |    70 |   119 |   223 |   426 ||   838
       Conjure Flame     |     1 |     3 |     7 |    10 ||    21
       Sticky Flame      |       |       |    23 |    98 ||   121
       Fireball          |       |       |     1 |    26 ||    27
       Sting             |       |       |       |    13 ||    13
       Sandblast         |       |       |       |     7 ||     7
Evoke: Wand              |       |       |       |     1 ||     1
  Use: Scroll            |       |    13 |    11 |     7 ||    31
 Stab: Distracted        |       |       |     1 |       ||     1
  Eat: Chunk             |     1 |    20 |    15 |    38 ||    74
Armor: Robe              |     6 |     6 |    36 |    79 ||   127
Dodge: Dodged            |    22 |    20 |   100 |   312 ||   454
